 Dungeon Crawl Stone Soup version bcrawl-1.38.2 (webtiles) character file.

Game seed: 16334863326174918008

96186 izumii3 the Chopper (level 4, -1/43 HPs)
             Began as a Deep Dwarf Monk on May 5, 2023.
             Was an Elder of Elyvilon.
             Slain by a gnoll
             ... wielding a +0 halberd
              (3 damage)
             ... on level 3 of the Dungeon.
             The game lasted 00:09:20 (3821 turns).

izumii3 the Chopper (Deep Dwarf Monk)               Turns: 3821, Time: 00:09:21

Health: -1/43      AC: 10    Str: 15    XL:     4   Next: 94%
Magic:  6/6        EV:  5    Int: 11    God:    Elyvilon [****..]
Gold:   174        SH:  0    Dex: 15    Spells: 3/3 levels left

rFire    + . .     GDR:     28% a - +0 hand axe
rCold    . . .     SeeInvis .   (no shield)
rNeg     . . .     Gourm    .   l - +0 plate armour
rPois    .         Faith    .   c - +0 hat
rElec    .         Spirit   .   (no cloak)
rCorr    .         Reflect  .   (no gloves)
MR       .....                  (no boots)
Stlth    ..........             d - amulet of magic regeneration
HPRegen  0.00/turn              k - ring of protection from fire
MPRegen  0.20/turn              (no ring)

@: non-regenerating
A: damage resistance, sense surroundings 1, no regeneration
a: Lesser Healing, Heal Other, Purification, Greater Healing, Divine Protection,
Renounce Religion


You were on level 3 of the Dungeon.
You worshipped Elyvilon.
Elyvilon was greatly pleased with you.
You were not hungry.

You visited 1 branch of the dungeon, and saw 3 of its levels.

You collected 174 gold pieces.

Inventory:

Hand Weapons
 a - a +0 hand axe (weapon)
Missiles
 g - 587 bolts
Armour
 b - a +0 robe
 c - a +0 hat (worn)
 l - a +0 plate armour (worn)
Jewellery
 d - an amulet of magic regeneration (around neck)
 k - a ring of protection from fire (left hand)
Scrolls
 f - 3 scrolls of remove curse
 h - 2 scrolls of magic mapping {unknown}
 i - 2 scrolls of identify
 j - a scroll of immolation {unknown}
 n - 4 scrolls of amnesia {unknown}
 o - 3 scrolls of teleportation {unknown}
 s - a scroll of enchant weapon {unknown}
Potions
 m - 3 potions of agility {unknown}
 p - a potion of berserk rage {unknown}
 q - a potion of brilliance {unknown}
Comestibles
 e - a ration {!d}
 r - a chunk of flesh


   Skills:
 * Level 3.6 Fighting
 * Level 4.8 Axes
 * Level 1.8 Armour
 + Level 3.5 Dodging
 - Level 2.6 Stealth
 * Level 3.3 Invocations


You had 3 spell levels left.
You didn't know any spells.
Your spell library was empty.

Dungeon Overview and Level Annotations

Branches:
Dungeon (3/12)

Altars:
Dithmenos
Lugonu

Annotations:
D:2 1 runed door
D:3 Grinder


Innate Abilities, Weirdness & Mutations

You are resistant to damage.
You passively map a small area around you.
You do not regenerate.


Message History

You are too injured to fight recklessly!
You are too injured to fight recklessly!
You are too injured to fight recklessly!
You are too injured to fight recklessly!
You are too injured to fight recklessly!
You are too injured to fight recklessly!
The gnoll hits you with a +0 halberd.
You closely miss the gnoll. The gnoll hits you with a +0 halberd!
* * * LOW HITPOINT WARNING * * *
You hit the gnoll.
The gnoll is lightly wounded.
The gnoll hits you with a +0 halberd.
* * * LOW HITPOINT WARNING * * *
Your plate armour prevents you from hitting the gnoll.
The gnoll is lightly wounded.
The gnoll hits you but does no damage.
You barely miss the gnoll.
The gnoll is lightly wounded.
The gnoll hits you with a +0 halberd.
You die...

, , #.####...5##.. ,,
.......#.......#*#####
#..............##....#*
*
.............:%......#
*
................#....#
..................#
............<...### , ,
...........รท....# ,
......g@<...[...# * *
#..............## *
##.....##.....## ######
#######


You could see a gnoll.

Vanquished Creatures
  A crimson imp (D:3)
  An orc wizard (D:3)
  2 adders (D:3)
  An ooze (D:2)
  2 worms
  4 dart slugs
  A leopard gecko (D:2)
  3 ball pythons
  2 bats
  2 giant cockroaches
  4 goblins
  2 hobgoblins (D:1)
  2 jackals (D:2)
  3 kobolds
  3 quokkas
  A frilled lizard (D:2)
  5 rats
39 creatures vanquished.

Notes
Turn   | Place    | Note
-------+----------+-------------------------------------------
     0 | D:1      | izumii3 the Deep Dwarf Monk began the quest for the Orb.
     0 | D:1      | Reached XP level 1. HP: 21/21 MP: 2/2
    85 | D:1      | Reached *** piety under Elyvilon
   266 | D:1      | Reached XP level 2. HP: 25/28 MP: 4/4
  1113 | D:2      | Reached XP level 3. HP: 13/34 MP: 5/5
  1181 | D:2      | Found a corrupted altar of Lugonu.
  1220 | D:2      | Found a shadowy altar of Dithmenos.
  1224 | D:2      | Reached **** piety under Elyvilon
  3134 | D:2      | Reached skill level 4 in Axes
  3532 | D:2      | Found a runed door.
  3646 | D:3      | Reached skill level 1 in Armour
  3646 | D:3      | Reached XP level 4. HP: 21/42 MP: 6/6
  3665 | D:3      | Noticed Grinder
  3819 | D:3      | HP: 2/43 [gnoll/+0 halberd (2)]
  3821 | D:3      | Slain by a gnoll

Skill      XL: |  1  2  3 |
---------------+----------+-----
Invocations    | 3 |  3.3
Axes           | 4 |  4.8
Armour         | 1 |  1.8
Fighting       | |  3.6
Dodging        | |  3.5
Stealth        | |  2.6

Action                   |  1- 3 |  4- 6 || total
-------------------------+-------+-------++-------
Melee: Hand axe          |   129 |    23 ||   152
  Use: Potion            |     1 |       ||     1
 Stab: Sleeping          |     4 |       ||     4
  Eat: Chunk             |     4 |     2 ||     6
       Ration            |     2 |       ||     2
Armor: Robe              |     4 |       ||     4
       Plate armour      |    48 |    12 ||    60
Dodge: Dodged            |    48 |     4 ||    52
